 Dungeon Crawl Stone Soup version 0.24.0-2-g5b39cebb1c (webtiles) character file.

Game seed: 7689235239889595258, levelgen mode: deterministic

800 Mrkan the Ruffian (level 7, -5/71 HPs)
             Began as a Troll Monk on Oct 29, 2019.
             Slain by an ogre
             ... wielding a +0 giant club
              (15 damage)
             ... on level 6 of the Dungeon.
             The game lasted 00:08:04 (3287 turns).

Mrkan the Ruffian (Troll Monk)                      Turns: 3287, Time: 00:08:04

Health: -5/71      AC:  6    Str: 20    XL:     7   Next: 59%
Magic:  6/6        EV:  9    Int:  8    God:
Gold:   175        SH:  0    Dex: 12    Spells: 6/6 levels left

rFire    + . .     SeeInvis .     - Unarmed
rCold    + . .     Gourm    +   (no shield)
rNeg     . . .     Faith    .   u - +0 robe {rC+ rF+}
rPois    .         Spirit   .   (helmet restricted)
rElec    .         Reflect  .   (no cloak)
rCorr    .         Harm     .   (gloves unavailable)
MR       .....                  (boots unavailable)
Stlth    +.........             (no amulet)
HPRegen  0.61/turn              (no ring)
MPRegen  0.10/turn              (no ring)

@: heavily drained
A: large, unfitting armour, claws 3, fast metabolism 3, gourmand, regeneration
1, shaggy fur 1, tough skin 3
a: no special abilities


You were on level 6 of the Dungeon.
You were very full.

You visited 1 branch of the dungeon, and saw 6 of its levels.

You collected 175 gold pieces.

Inventory:

Hand Weapons
 t - the +6 war axe of Perversion {venom, Fragile MP+9 Stlth+, unknown}
   (You found it on level 5 of the Dungeon)

   It poisons the flesh of those it strikes.
   It affects your magic capacity (+9).
   It will be destroyed if unequipped.
   It makes you more stealthy.
Missiles
 q - a throwing net (quivered)
Armour
 u - a +0 robe of resistance (worn)
Jewellery
 k - an uncursed ring of protection from fire {unknown}
Scrolls
 c - 3 scrolls of magic mapping {unknown}
 d - 3 scrolls of teleportation {unknown}
 e - 2 scrolls of immolation {unknown}
 f - 3 scrolls of fear {unknown}
 g - 3 scrolls of remove curse {unknown}
 h - 2 scrolls of fog {unknown}
 i - a scroll of random uselessness {unknown}
 j - 6 scrolls of identify {unknown}
 l - a scroll of enchant armour {unknown}
Potions
 m - a potion of curing {unknown}
 n - a potion of haste {unknown}
 o - a potion of degeneration {unknown}
 p - a potion of resistance {unknown}
 r - a potion of brilliance {unknown}
 s - a potion of agility {unknown}
Comestibles
 b - 9 rations


   Skills:
 + Level 4.7(2.6) Fighting
 - Level 2.4(0.4) Dodging
 - Level 1.0(0.0) Stealth
 * Level 7.6(5.3) Unarmed Combat


You had 6 spell levels left.
You didn't know any spells.
Your spell library was empty.

Dungeon Overview and Level Annotations

Branches:
Dungeon (6/15)
 Temple: D:4-7

Altars:
Trog
Vehumet

Shops:
D:6 [


Innate Abilities, Weirdness & Mutations

You are too large for most types of armour.
You have claws for hands.
Your metabolism is lightning-fast.
You like to eat raw meat.
Your natural rate of healing is unusually fast.
You are covered in fur. (AC +1)
You have extremely tough skin. (AC +3)


Message History

You barely miss the ogre.
The ogre is lightly wounded.
The ogre hits you with a +0 giant club!
You scratch the ogre.
The ogre is moderately wounded.
The ogre hits you with a +0 giant club!
You scratch the ogre but do no damage.
The ogre is moderately wounded.
You scratch the ogre.
The ogre is moderately wounded.
The ogre hits you with a +0 giant club!
* * * LOW HITPOINT WARNING * * *
You mangle the ogre!!
The ogre is almost dead.
The ogre hits you with a +0 giant club!
* * * LOW HITPOINT WARNING * * *
You barely miss the ogre.
The ogre is almost dead.
The ogre hits you with a +0 giant club!
You die...

... ......##
...###......# .
#...#.....#
..###........#
.............##
#........)<)..#
..............#
.........[...##
......O@......#
.......#......#
......##......#
.......#.....##
..#.......#.##
. #.......###
#.8...8.#
#.......#
#.......#


You could see an ogre.

Vanquished Creatures
  An ice beast (D:5)
  A centaur (D:5)
  A phantom (D:5)
  5 wights
  A centaur skeleton (D:3)
  4 orc wizards
  Robin (D:4)
  5 adders
  A shadow imp (D:5)
  4 oozes
  A dart slug (D:2)
  5 leopard geckos
  19 orcs
  A ball python (D:2)
  3 bats
  6 giant cockroaches
  15 goblins
  14 hobgoblins
  3 jackals (D:4)
  2 quokkas
  3 frilled lizards
  A jackal skeleton (D:4)
  4 kobolds
  2 leopard gecko skeletons (D:4)
  4 rats
107 creatures vanquished.

Vanquished Creatures (others)
  An orc (D:3)
1 creature vanquished.

Grand Total: 108 creatures vanquished

Notes
Turn   | Place    | Note
-------+----------+-------------------------------------------
     0 | D:1      | Mrkan the Troll Monk began the quest for the Orb.
     0 | D:1      | Reached XP level 1. HP: 22/22 MP: 0/0
   759 | D:2      | Reached XP level 2. HP: 29/29 MP: 1/1
   898 | D:2      | Reached XP level 3. HP: 35/36 MP: 2/2
   907 | D:2      | Reached skill level 4 in Unarmed Combat
  1374 | D:3      | Reached XP level 4. HP: 45/45 MP: 3/3
  1423 | D:3      | Reached skill level 5 in Unarmed Combat
  1471 | D:3      | Reached XP level 5. HP: 53/53 MP: 4/4
  1591 | D:3      | Found a radiant altar of Vehumet.
  2062 | D:4      | Reached XP level 6. HP: 62/62 MP: 5/5
  2198 | D:4      | Noticed Robin
  2212 | D:4      | Killed Robin
  2320 | D:4      | Reached skill level 6 in Unarmed Combat
  2535 | D:4      | Found a bloodstained altar of Trog.
  2579 | D:5      | Entered Level 5 of the Dungeon
  2624 | D:5      | Got a polished war axe
  2630 | D:5      | Noticed an ice beast
  2657 | D:5      | Killed an ice beast
  2862 | D:5      | Reached XP level 7. HP: 67/70 MP: 6/6
  2936 | D:5      | Reached skill level 7 in Unarmed Combat
  3245 | D:6      | Found Wiocev's Armour Boutique.
  3287 | D:6      | Slain by an ogre

Levels and vault maps discovered:
D:1:      lightli_arrival_lavapool, layout_basic
D:2:      layout_basic
D:3:      layout_basic, fiery_altar_vehumet, nrook_loot_triangle,
          minmay_liquid_box
D:4:      layout_loops_ring, kennysheep_mini, first_ration, uniq_robin
D:5:      layout_rooms
D:6:      layout_cave_pools, elyvilon_altar_4, temple_hall, serial_shops, shop,
          shop, shop, lemuel_oklob_altar, uniq_blork_the_orc

Skill      XL: |  1  2  3  4  5  6  7 |
---------------+----------------------+-----
Unarmed Combat | 4 5 6 7 |  7.6
Fighting       | 3 4 |  4.7
Dodging        | |  2.4
Stealth        | |  1.0

Action                   |  1- 3 |  4- 6 |  7- 9 || total
-------------------------+-------+-------+-------++-------
Melee: Unarmed           |    66 |   159 |    41 ||   266
       Punch             |     1 |     4 |     2 ||     7
 Stab: Sleeping          |     2 |       |       ||     2
  Eat: Chunk             |    18 |    14 |     2 ||    34
Armor: Robe              |    18 |    81 |     4 ||   103
Dodge: Dodged            |    22 |    89 |    17 ||   128
